AoeStats
← Random

African Clearing

504615903Analyzed
4v4 RM · 26d ago on Sep 6, 2026· 52m 59s· 8 players
Game mode
Random Map
Map size
Large (8 player)
Population
200
Speed
Normal
Resources
Standard
Victory
Conquest
Starting age
Dark Age
Ending age
Imperial Age
RankedLock teamsTeams togetherTeam positionsShared explorationLock speedFull tech treeHidden civsTurbo modeCheats
Victory
Defeat
🇨🇦 Poles · Canada
1672
+12
🇺🇸 Saracens · United States
1594
+16
🇧🇷 Aztecs · Brazil
1587
+16
🇧🇷 Hindustanis · Brazil
1490
+20
🇺🇸 Burmese · United States
1686
-21
🇨🇦 Shu · Canada
1684
-20
🇺🇸 Burgundians · United States
1498
-12
🇨🇱 Japanese · Chile
1473
-11
JOEMAMADRAGONDN
8:46 Loom
14:23 Feudal Age
18:45 Castle Age
17:26 Double-Bit Axe
22:25 Fletching
23:48 Wheelbarrow
23:32 Bow Saw
25:06 Bodkin Arrow
25:14 Horse Collar
26:06 Heavy Plow
27:25 Hand Cart
26:53 Fishing Lines
28:52 Town Watch
29:17 Scale Barding Armor
30:17 Forging
31:09 Szlachta Privileges
31:07 Husbandry
31:21 Bloodlines
33:09 Iron Casting
32:58 Chain Barding Armor
34:53 Iron Casting
35:02 Ballistics
34:23 Treadmill Crane
40:40 Gold Mining
40:40 Stone Mining
42:58 Gillnets
46:19 Masonry
48:43 Imperial Age
48:52 Stone Shaft Mining
50:27 Chemistry
49:29 Bracer
50:31 Blast Furnace
50:09 Crop Rotation
49:12 Cavalier
50:46 Hoardings
50:36 Conscription
50:01 Light Cavalry
52:25 Bracer
52:20 Winged Hussar
53:33 Caravan
Tylenol
11:42 Feudal Age
12:15 Double-Bit Axe
12:14 Horse Collar
20:19 Castle Age
19:31 Scale Mail Armor
20:41 Loom
21:15 Bow Saw
26:27 Fletching
29:38 Sanctity
33:48 Wheelbarrow
37:44 Imperial Age
35:25 Bodkin Arrow
35:41 Forging
36:06 Ballistics
35:55 Atlatl
36:18 Elite Skirmisher
37:26 Squires
37:11 Arson
38:15 Chain Mail Armor
37:47 Capped Ram
37:50 Eagle Warrior
39:07 Garland Wars
39:00 Heavy Plow
40:02 Conscription
40:39 Crop Rotation
40:25 Hand Cart
39:56 Town Watch
40:24 Gold Mining
40:25 Stone Mining
40:35 Treadmill Crane
42:42 Iron Casting
42:38 Plate Mail Armor
42:37 Siege Ram
44:35 Chemistry
45:00 Blast Furnace
44:21 Elite Eagle Warrior
45:50 Stone Shaft Mining
45:51 Gold Shaft Mining
45:36 Bracer
46:27 Town Patrol
46:35 Siege Engineers
46:25 Murder Holes
50:22 Arrowslits
50:28 Heated Shot
Random
9:31 Loom
11:50 Feudal Age
13:27 Double-Bit Axe
15:22 Fletching
15:22 Town Watch
16:12 Wheelbarrow
18:43 Padded Archer Armor
18:34 Gold Mining
19:10 Horse Collar
23:49 Castle Age
24:41 Bodkin Arrow
24:56 Bow Saw
24:47 Heavy Plow
24:51 Crossbowman
34:44 Ballistics
34:40 Leather Archer Armor
41:53 Imperial Age
40:27 Thumb Ring
42:46 Coinage
42:18 Caravan
42:14 Arbalester
42:54 Bracer
44:04 Chemistry
43:35 Ring Archer Armor
43:39 Conscription
43:10 Capped Ram
45:21 Hoardings
45:34 Siege Ram
47:07 Banking
47:39 Two-Man Saw
50:18 Hand Cart
50:05 Town Patrol
Kuroko
2:53 Loom
12:24 Feudal Age
13:08 Double-Bit Axe
18:43 Castle Age
17:16 Scale Barding Armor
17:25 Bloodlines
23:58 Bow Saw
23:42 Horse Collar
27:11 Wheelbarrow
27:37 Fletching
31:31 Imperial Age
31:23 Chain Barding Armor
31:57 Forging
32:52 Heavy Camel Rider
34:09 Iron Casting
34:35 Husbandry
35:34 Gold Mining
36:51 Plate Barding Armor
39:01 Blast Furnace
40:27 Bodkin Arrow
40:32 Padded Archer Armor
41:35 Chemistry
40:56 Ballistics
42:00 Bracer
44:56 Leather Archer Armor
50:09 Two-Man Saw
50:41 Imperial Camel Rider
52:03 Gold Shaft Mining
52:36 Ring Archer Armor
51:32 Light Cavalry
53:17 Hand Cart
53:04 Heavy Plow
wappla
14:17 Feudal Age
14:34 Loom
14:51 Loom
18:03 Castle Age
27:12 Padded Archer Armor
28:41 Wheelbarrow
29:50 Horse Collar
32:49 Heavy Plow
33:48 Hand Cart
37:22 Imperial Age
35:33 Pikeman
36:14 Squires
38:08 Scale Barding Armor
38:04 Husbandry
38:15 Bloodlines
38:38 Gold Mining
38:16 Light Cavalry
40:19 Chain Barding Armor
41:14 Forging
40:52 Halberdier
41:34 Scale Mail Armor
41:42 Man-at-Arms
42:07 Gambesons
43:06 Chain Mail Armor
43:40 Conscription
43:42 Long Swordsman
45:16 Plate Mail Armor
45:41 Iron Casting
45:13 Two-Handed Swordsman
50:13 Stone Mining
PleaseCarryMe
6:50 Loom
9:39 Double-Bit Axe
13:47 Feudal Age
17:56 Castle Age
17:18 Bow Saw
20:55 Horse Collar
23:13 Fervor
27:59 Town Watch
28:48 Scale Barding Armor
33:17 Imperial Age
30:40 Gold Mining
31:14 Husbandry
31:48 Chain Barding Armor
31:53 Stone Mining
32:59 Forging
32:56 Heavy Plow
35:00 Plate Barding Armor
35:28 Wheelbarrow
35:59 Fletching
37:36 Conscription
37:22 Scale Mail Armor
37:01 Pikeman
37:55 Squires
38:01 Halberdier
38:58 Chain Mail Armor
40:09 Plate Mail Armor
40:34 Burgundian Vineyards
41:36 Two-Man Saw
42:51 Iron Casting
45:13 Blast Furnace
43:37 Light Cavalry
44:22 Hussar
49:07 Bodkin Arrow
51:55 Ballistics
51:46 Masonry
Diegazo
8:30 Loom
11:07 Feudal Age
11:46 Double-Bit Axe
14:59 Forging
16:11 Scale Barding Armor
17:48 Horse Collar
20:50 Bloodlines
24:44 Castle Age
23:29 Padded Archer Armor
23:20 Fletching
25:01 Gold Mining
26:14 Leather Archer Armor
25:58 Bodkin Arrow
27:15 Ballistics
27:28 Leather Archer Armor
27:51 Thumb Ring
28:11 Husbandry
32:00 Bow Saw
42:28 Imperial Age
43:16 Bracer
43:47 Ring Archer Armor
44:28 Parthian Tactics
44:56 Wheelbarrow
45:17 Stone Mining
45:32 Heavy Cavalry Archer
47:36 Chemistry
NotDukito
6:00 Loom
13:38 Feudal Age
14:56 Double-Bit Axe
17:37 Castle Age
16:03 Horse Collar
18:35 Bow Saw
26:21 Wheelbarrow
32:40 Imperial Age
30:07 Fletching
30:40 Gold Mining
32:08 Bodkin Arrow
32:13 Padded Archer Armor
33:13 Hand Cart
32:22 Crossbowman
33:08 Thumb Ring
33:30 Bracer
33:58 Arbalester
36:20 Leather Archer Armor
36:53 Ballistics
37:36 Ring Archer Armor
38:12 Bolt Magazine
39:56 Chemistry
39:39 Conscription
40:57 Scale Mail Armor
42:17 Two-Man Saw
42:28 Chain Mail Armor
43:56 Plate Mail Armor
43:54 Forging
46:56 Elite White Feather Guard
Connection lost

Rejoining the realm…

Still unreachable

The connection could not be restored.

Session expired

The server has moved on; the page needs a fresh start.